 Dungeon Crawl Stone Soup version 0.18-a0-1797-gc18daef (webtiles) character file.

50 wvc the Insei (level 3, -4/18 HPs)
             Began as a Vine Stalker Wanderer on Apr 22, 2016.
             Killed by nerve-wracking pain
             ... invoked by Jessica
              (8 damage)
             ... on level 2 of the Dungeon.
             The game lasted 00:01:43 (742 turns).

wvc the Insei (Vine Stalker Wanderer)                Turns: 742, Time: 00:01:44

Health: -4/18      AC:  3    Str: 14    XL:     3   Next: 79%
Magic:  0/5        EV: 12    Int: 10    God:
Gold:   82         SH:  0    Dex: 16    Spells: 0 memorised, 4 levels left

rFire  . . .     SeeInvis .     d - +1 dagger
rCold  . . .     Gourm    .     c - +1 robe
rNeg   . . .     Faith    .     (no shield)
rPois  .         Spirit   +     (no helmet)
rElec  .         Dismiss  .     (no cloak)
rCorr  .         Reflect  .     (no gloves)
SustAt .         Harm     .     (no boots)
MR     .....                    (no amulet)
Stlth  +.........               e - ring of stealth
                                h - ring of loudness (curse)

@: slowed, very slow, not resistant to hostile enchantments, very unstealthy
A: fangs 2, regeneration 1, magic shield, antimagic bite, no device heal 3, rot
immunity
a: no special abilities


You were on level 2 of the Dungeon.
You were not hungry.

You visited 1 branch of the dungeon, and saw 2 of its levels.

You collected 82 gold pieces.

Inventory:

Hand Weapons
 d - a +1 dagger (weapon)
Armour
 c - a +1 robe (worn)
Jewellery
 e - a ring of stealth (right hand)
 h - a cursed ring of loudness (left hand)
Potions
 a - 2 potions of berserk rage
 b - a potion of lignification
 g - 3 potions of flight {unknown}
 l - a potion of mutation {unknown}
Comestibles
 f - 2 bread rations
 i - 8 chunks of flesh
 j - a slice of pizza
 k - a meat ration
 m - 3 fruits


   Skills:
 - Level 1.0 Fighting
 + Level 2.9 Short Blades
 - Level 1.0 Throwing
 - Level 1.0 Dodging
   Level 1.0 Shields
 - Level 3.0 Unarmed Combat
 - Level 1.1 Spellcasting
   Level 2.0 Poison Magic


You had 4 spell levels left.
You didn't know any spells.

Dungeon Overview and Level Annotations

Branches:
Dungeon (2/15)

Altars:

Annotations:
D:2 Jessica


Innate Abilities, Weirdness & Mutations

You have extremely sharp teeth.
Your natural rate of healing is unusually fast.
When hurt, damage is shared between your health and your magic reserves.
Your bite disrupts and absorbs the magic of your enemies.
Potions and wands cannot restore your health.
You are immune to rotting.


Message History

You kill the giant gecko!
Jessica misses you.
You see here a giant gecko corpse.
You hit Jessica. Your bite misses Jessica.
Jessica is moderately wounded.
You closely miss Jessica.
Jessica is moderately wounded.
Jessica barely misses you.
You closely miss Jessica. Your bite misses Jessica.
Jessica is moderately wounded.
Jessica hits you but does no damage.
You closely miss Jessica.
Jessica is moderately wounded.
Jessica points at you and mumbles some strange words.
You feel yourself slow down.
You closely miss Jessica. Your bite misses Jessica.
Jessica is moderately wounded.
Jessica points at you and mumbles some strange words.
Pain shoots through your body!
You die...

#. ...... # #.# #..
....# ##. ..####. ....#
...###.#...> #...#
..........#.###..#
#...#.#..#......#
#....(..##..##.#
###......##..##.#
#..........#.##@#
##............##@#######
............#..>.......#
............###........#
##................?....#
##..........###........#
##..........# #........#
....##.###### #........#
...##.... #.........


You could see Jessica.

Vanquished Creatures
  Natasha (D:2)
  A gnoll (D:1)
  A giant gecko (D:2)
  A ball python (D:2)
  A giant cockroach (D:1)
  A goblin (D:1)
  3 hobgoblins
  2 bats (D:1)
  A giant newt (D:1)
  2 kobolds (D:2)
  3 rats (D:2)
17 creatures vanquished.

Notes
Turn   | Place    | Note
--------------------------------------------------------------
     0 | D:1      | wvc the Vine Stalker Wanderer began the quest for the Orb.
     0 | D:1      | wvc set off with: 2 potions of berserk rage, a potion of lignification, a +0 robe, a +0 dagger, a bread ration
     0 | D:1      | Reached XP level 1. HP: 10/10 MP: 3/3
   127 | D:1      | Reached skill level 1 in Short Blades
   285 | D:1      | Reached XP level 2. HP: 14/14 MP: 4/4
   658 | D:2      | Reached XP level 3. HP: 15/18 MP: 5/5
   704 | D:2      | Noticed Natasha
   705 | D:2      | Noticed Jessica
   732 | D:2      | Killed Natasha
   742 | D:2      | Killed from afar by Jessica

Vault maps used:
D:1:      nicolae_arrival_memento_mori
D:2:      uniq_natasha, uniq_jessica

Skill      XL: |  1  2 |
---------------+-------+-----
Short Blades   | 1 2 |  2.9
Fighting       | |  1.0
Throwing       | |  1.0
Dodging        | |  1.0
Shields        | |  1.0
Unarmed Combat | |  3.0
Spellcasting   | |  1.1
Poison Magic   | |  2.0

Action                   || total
-------------------------++-------
Melee: Dagger            ||    82
       Bite              ||    26
  Use: Scroll            ||     5
Armor: Robe              ||    20
Dodge: Dodged            ||    43
